[Event "European Womens-ch 2025"]
[Site "Rhodes"]
[Date "2025.03.31"]
[Round "1.17"]
[White "Vega Gutierrez, Sabrina"]
[Black "Berke, Ana"]
[Result "1-0"]
[Annotator "RC"]
[ECO "B32"]
[WhiteElo "2380"]
[BlackElo "2119"]
[PlyCount "71"]
[EventDate "2025.03.29"]
[EventType "swiss"]
[EventCountry "GRE"]
[SourceTitle "playchess.com"]
[Source "ChessBase"]
[SourceQuality "1"]
[TimeControl "40/5400+30:1800+30"]

1. e4 c5 2. Nf3 Nc6 3. d4 cxd4 4. Nxd4 e5 5. Nb5 d6 6. c4 Be6 7. N5c3 g6 8. Nd5 Bh6 9. Nbc3 Nd4 10. Bd3 Bxc1 11. Qxc1 f5 12. exf5 gxf5 13. O-O Nf6 14. Qh6 Kf7 15. Ne2 Nc6 16. Ng3 e4 17. Be2 Rg8 18. Bh5+ Nxh5 19. Nxh5 Qg5 20. Qxh7+ Kf8 21. Ndf4 Bf7 22. h4 Qxh4 23. Qxf5 Ne5 24. Ng3 e3 25. Qe4 Ng4 26. Nh3 Re8 27. Qf4 Qh7 28. Qxd6+ Re7 29. fxe3 Nxe3 30. Rfe1 Rg6 31. Qf4 Qg7 32. Rxe3 Rxe3 33. Qxe3 Rxg3 34. Qf2 Kg8 35. Rd1 Rxh3 36. Rd8+ 1-0

[Event "European Womens-ch 2025"]
[Site "Rhodes"]
[Date "2025.03.31"]
[Round "1.18"]
[White "Koridze, Lile"]
[Black "Maltsevskaya, Aleksandra"]
[Result "0-1"]
[Annotator "RC"]
[ECO "E91"]
[WhiteElo "2115"]
[BlackElo "2376"]
[PlyCount "112"]
[EventDate "2025.03.29"]
[EventType "swiss"]
[EventCountry "GRE"]
[SourceTitle "playchess.com"]
[Source "ChessBase"]
[SourceQuality "1"]
[TimeControl "40/5400+30:1800+30"]

1. d4 Nf6 2. c4 g6 3. Nc3 c5 4. d5 Bg7 5. Nf3 O-O 6. e4 d6 7. Be2 e5 8. dxe6 Bxe6 9. Bf4 Qa5 10. O-O Nc6 11. Re1 Rad8 12. Bd3 Ng4 13. Bg5 Rde8 14. Nb5 h6 15. Bd2 Qb6 16. h3 Nge5 17. Bc3 a6 18. Nxe5 Bxe5 19. Na3 Bxc3 20. bxc3 Qa5 21. Qc1 Kg7 22. Rb1 Rb8 23. f4 Rfe8 24. Qb2 Re7 25. Nc2 b5 26. cxb5 c4 27. Bf1 Rxb5 28. Nb4 Reb7 29. Red1 Qb6+ 30. Kh1 Qe3 31. Qa1 Ne7 32. a4 Rh5 33. Nc2 Qxe4 34. Rxb7 Qxb7 35. Kh2 Ra5 36. Rxd6 Qc7 37. Qd1 Nd5 38. Qd4+ Kh7 39. Rxe6 fxe6 40. Bxc4 Rxa4 41. Nb4 Qxf4+ 42. Qxf4 Nxf4 43. Bxa6 Nd5 44. Bb5 Ra3 45. Bc4 Nxb4 46. cxb4 e5 47. b5 Ra4 48. Bd5 Rb4 49. Bc6 Rb3 50. Kg1 Kg7 51. Kf2 Kf6 52. g3 Kf5 53. Be8 e4 54. Bd7+ Ke5 55. Be8 g5 56. Bc6 Kd4 0-1

[Event "European Womens-ch 2025"]
[Site "Rhodes"]
[Date "2025.03.31"]
[Round "1.19"]
[White "Atalik, Ekaterina"]
[Black "Deak-Sala, Emilia"]
[Result "1-0"]
[Annotator "RC"]
[ECO "E18"]
[WhiteElo "2375"]
[BlackElo "2112"]
[PlyCount "59"]
[EventDate "2025.03.29"]
[EventType "swiss"]
[EventCountry "GRE"]
[SourceTitle "playchess.com"]
[Source "ChessBase"]
[SourceQuality "1"]
[TimeControl "40/5400+30:1800+30"]

1. d4 Nf6 2. c4 e6 3. Nf3 b6 4. g3 Bb4+ 5. Bd2 Be7 6. Nc3 d5 7. Bg2 O-O 8. cxd5 exd5 9. O-O Bb7 10. Rc1 Nbd7 11. Bf4 c6 12. a3 Nh5 13. Qd3 Nxf4 14. gxf4 c5 15. Ne5 cxd4 16. Qxd4 Bc5 17. Qd3 Nxe5 18. fxe5 Qh4 19. Rcd1 a5 20. Bxd5 Bxd5 21. Nxd5 Rae8 22. Qg3 Qxg3+ 23. hxg3 a4 24. Nc3 Rxe5 25. Nxa4 Rxe2 26. b4 Be7 27. Nxb6 Bg5 28. Rfe1 Rc2 29. Nd7 Ra8 30. b5 1-0

[Event "European Womens-ch 2025"]
[Site "Rhodes"]
[Date "2025.03.31"]
[Round "1.20"]
[White "Heinatz, Gundula"]
[Black "Milliet, Sophie"]
[Result "1/2-1/2"]
[Annotator "RC"]
[ECO "D02"]
[WhiteElo "2111"]
[BlackElo "2371"]
[PlyCount "46"]
[EventDate "2025.03.29"]
[EventType "swiss"]
[EventCountry "GRE"]
[SourceTitle "playchess.com"]
[Source "ChessBase"]
[SourceQuality "1"]
[TimeControl "40/5400+30:1800+30"]

1. Nf3 d5 2. d4 e6 3. c4 Nf6 4. g3 Bd6 5. Bg2 O-O 6. O-O h6 7. Nc3 Nc6 8. Bf4 dxc4 9. Ne5 Bxe5 10. dxe5 Nd7 11. Bxc6 bxc6 12. Qd4 Nb6 13. Qc5 Rb8 14. Rad1 Bd7 15. e4 Re8 16. Be3 f5 17. exf6 Qxf6 18. Qh5 Red8 19. Bd4 Qe7 20. Bc5 Qf6 21. Bd4 Qe7 22. Bc5 Qf6 23. Bd4 Qe7 1/2-1/2

[Event "European Womens-ch 2025"]
[Site "Rhodes"]
[Date "2025.03.31"]
[Round "1.21"]
[White "Socko, Monika"]
[Black "Paasikangas, Johanna"]
[Result "1-0"]
[Annotator "RC"]
[ECO "C68"]
[WhiteElo "2369"]
[BlackElo "2106"]
[PlyCount "79"]
[EventDate "2025.03.29"]
[EventType "swiss"]
[EventCountry "GRE"]
[SourceTitle "playchess.com"]
[Source "ChessBase"]
[SourceQuality "1"]
[TimeControl "40/5400+30:1800+30"]

1. e4 e5 2. Nf3 Nc6 3. Bb5 a6 4. Bxc6 dxc6 5. O-O Qf6 6. d4 exd4 7. Bg5 Qd6 8. Qxd4 Qxd4 9. Nxd4 Bd7 10. Nc3 Be7 11. Bxe7 Nxe7 12. Rad1 O-O-O 13. Rd2 c5 14. Nde2 Bc6 15. Rfd1 Rxd2 16. Rxd2 Ng6 17. Ng3 Re8 18. f3 Ne5 19. b3 g6 20. Kf2 b6 21. Nge2 f5 22. exf5 gxf5 23. Nf4 Ng6 24. Kg3 Ne7 25. Nh5 Rf8 26. Ne2 Bd7 27. Nef4 Nc6 28. Kh4 Rf7 29. Kg5 Nd4 30. Kh6 Nb5 31. Ng7 Nd6 32. Kxh7 c4 33. h4 cxb3 34. cxb3 Kd8 35. h5 Ke7 36. h6 Ne8 37. Re2+ Kf6 38. Nd5+ Kg5 39. f4+ Kg4 40. Kg8 1-0

[Event "European Womens-ch 2025"]
[Site "Rhodes"]
[Date "2025.03.31"]
[Round "1.22"]
[White "Zagorac, Lara"]
[Black "Roebers, Eline"]
[Result "0-1"]
[Annotator "RC"]
[ECO "E11"]
[WhiteElo "2106"]
[BlackElo "2367"]
[PlyCount "66"]
[EventDate "2025.03.29"]
[EventType "swiss"]
[EventCountry "GRE"]
[SourceTitle "playchess.com"]
[Source "ChessBase"]
[SourceQuality "1"]
[TimeControl "40/5400+30:1800+30"]

1. Nf3 d5 2. d4 e6 3. c4 Nf6 4. g3 Bb4+ 5. Bd2 Be7 6. Bg2 O-O 7. O-O Nbd7 8. Qc2 a5 9. Ne5 c6 10. Rd1 Nxe5 11. dxe5 Ng4 12. Bc3 Qc7 13. Bd4 dxc4 14. Qe4 f5 15. exf6 Nxf6 16. Qc2 b5 17. h3 e5 18. Be3 Be6 19. a4 Nd5 20. Bd2 Qb6 21. e3 Nb4 22. Bxb4 axb4 23. a5 Qc5 24. Nd2 b3 25. Qe4 Ra6 26. Nf3 Bf6 27. g4 Bd5 28. Qb1 b4 29. g5 Be7 30. Nd2 Bxg5 31. Qc1 Bxe3 32. Nxb3 Bxf2+ 33. Kh2 Bg3+ 0-1

[Event "European Womens-ch 2025"]
[Site "Rhodes"]
[Date "2025.03.31"]
[Round "1.23"]
[White "Bulmaga, Irina"]
[Black "Tsetskhladze, Mariam"]
[Result "1-0"]
[Annotator "RC"]
[ECO "B31"]
[WhiteElo "2362"]
[BlackElo "2105"]
[PlyCount "85"]
[EventDate "2025.03.29"]
[EventType "swiss"]
[EventCountry "GRE"]
[SourceTitle "playchess.com"]
[Source "ChessBase"]
[SourceQuality "1"]
[TimeControl "40/5400+30:1800+30"]

1. e4 c5 2. Nf3 Nc6 3. Bb5 g6 4. O-O Bg7 5. d3 e5 6. a3 Nge7 7. b4 cxb4 8. axb4 d5 9. exd5 Qxd5 10. Bc4 Qd8 11. c3 Bf5 12. Ng5 O-O 13. g4 Bd7 14. Qf3 Be8 15. Qh3 h6 16. Ne4 Kh7 17. Nbd2 Nd5 18. Bxd5 Qxd5 19. b5 Nd8 20. Ba3 Rh8 21. Be7 Ne6 22. c4 Qd4 23. Nb3 Nf4 24. Ng5+ Kg8 25. Nxd4 Nxh3+ 26. Nxh3 exd4 27. Bc5 Bd7 28. f3 h5 29. Nf2 hxg4 30. fxg4 a6 31. Rfe1 Bf6 32. Ne4 Be5 33. Bd6 Bg7 34. Nc5 Bc8 35. b6 Rh4 36. Re8+ Kh7 37. h3 Rxh3 38. Rf1 Rh4 39. Rxf7 Rxg4+ 40. Kf2 Rg5 41. Bf8 Rf5+ 42. Rxf5 gxf5 43. Re7 1-0

[Event "European Womens-ch 2025"]
[Site "Rhodes"]
[Date "2025.03.31"]
[Round "1.24"]
[White "Vidic, Teja"]
[Black "Kiolbasa, Oliwia"]
[Result "1/2-1/2"]
[Annotator "RC"]
[ECO "C47"]
[WhiteElo "2100"]
[BlackElo "2360"]
[PlyCount "180"]
[EventDate "2025.03.29"]
[EventType "swiss"]
[EventCountry "GRE"]
[SourceTitle "playchess.com"]
[Source "ChessBase"]
[SourceQuality "1"]
[TimeControl "40/5400+30:1800+30"]

1. e4 e5 2. Nf3 Nc6 3. Nc3 Nf6 4. d4 exd4 5. Nxd4 Bc5 6. Be3 Bb4 7. Nxc6 bxc6 8. Bd3 d6 9. Bg5 h6 10. Bh4 g5 11. Bg3 Be6 12. Qd2 Nh5 13. a3 Ba5 14. b4 Bb6 15. Ne2 Qf6 16. O-O Nxg3 17. Nxg3 h5 18. Nf5 Bxf5 19. exf5 Bd4 20. Rae1+ Kf8 21. Rb1 Kg7 22. Rb3 Rae8 23. Re1 Be5 24. c4 Re7 25. Qd1 Rhe8 26. g3 g4 27. Kg2 Bc3 28. Rf1 d5 29. c5 d4 30. Qc1 Kh8 31. Qf4 Rg8 32. Rbb1 h4 33. gxh4 Qxh4 34. Qg3 Qh6 35. Rh1 Bd2 36. h3 gxh3+ 37. Rxh3 Rxg3+ 38. Kxg3 Qxh3+ 39. Kxh3 Re1 40. Rxe1 Bxe1 41. f3 Bd2 42. b5 cxb5 43. Bxb5 Kg7 44. Kg4 Kf6 45. f4 Bc1 46. a4 Ba3 47. c6 Ke7 48. Kf3 Kd6 49. Ke4 Bb2 50. Kd3 f6 51. Kc4 Bc3 52. Ba6 Kxc6 53. Bc8 Kb6 54. Be6 c6 55. Bd7 Bb2 56. Be8 c5 57. Bh5 Bc1 58. Bd1 Bxf4 59. Bc2 Bd2 60. Kd3 Bb4 61. Kc4 Kc6 62. Be4+ Kd6 63. Bd3 Ke5 64. Bc2 Kf4 65. Bd3 Ke3 66. Bc2 Be1 67. Bb1 Bg3 68. Bc2 Bd6 69. Bb1 Bf8 70. Bc2 Kd2 71. Be4 Kc1 72. Kb3 Be7 73. Bd3 Kd2 74. Kc4 Ke3 75. Bc2 Kf4 76. Bd3 Ke5 77. Bc2 Kd6 78. Be4 Bf8 79. Bd3 Kc6 80. Be2 Kb6 81. Bd3 Ka5 82. Kb3 Bh6 83. Bc4 Be3 84. Bd3 c4+ 85. Bxc4 Kb6 86. Kc2 Kc5 87. Kd3 Kb4 88. Bb5 Kc5 89. Be8 Kb4 90. Bb5 Kc5 1/2-1/2

[Event "European Womens-ch 2025"]
[Site "Rhodes"]
[Date "2025.03.31"]
[Round "1.25"]
[White "Guichard, Pauline"]
[Black "Ter-Avetisjana, Agnesa Stepania"]
[Result "1/2-1/2"]
[Annotator "RC"]
[ECO "D11"]
[WhiteElo "2355"]
[BlackElo "2100"]
[PlyCount "72"]
[EventDate "2025.03.29"]
[EventType "swiss"]
[EventCountry "GRE"]
[SourceTitle "playchess.com"]
[Source "ChessBase"]
[SourceQuality "1"]
[TimeControl "40/5400+30:1800+30"]

1. d4 d5 2. c4 c6 3. Nf3 Nf6 4. Nbd2 Bf5 5. Nh4 Be4 6. Qb3 Qb6 7. f3 Qxb3 8. Nxb3 Bg6 9. cxd5 Nxd5 10. Nxg6 hxg6 11. e4 Nb4 12. Kf2 a5 13. Bd2 e5 14. dxe5 a4 15. Nd4 Bc5 16. Be3 a3 17. Rb1 Nd7 18. f4 g5 19. g3 gxf4 20. gxf4 g5 21. fxg5 Nxe5 22. Kg3 Nxa2 23. Nf5 Bxe3 24. Nxe3 b5 25. Ng4 Nxg4 26. Kxg4 Ra4 27. Bg2 O-O 28. Kf5 Kg7 29. e5 Rd8 30. Bxc6 Rdd4 31. Rhf1 Rd2 32. Bxb5 Ra5 33. bxa3 Nc3 34. a4 Nxb1 35. Rxb1 Rxh2 36. Rc1 Rf2+ 1/2-1/2

[Event "European Womens-ch 2025"]
[Site "Rhodes"]
[Date "2025.03.31"]
[Round "1.26"]
[White "Hapala, Elisabeth"]
[Black "Gaponenko, Inna"]
[Result "1/2-1/2"]
[Annotator "RC"]
[ECO "B56"]
[WhiteElo "2092"]
[BlackElo "2349"]
[PlyCount "55"]
[EventDate "2025.03.29"]
[EventType "swiss"]
[EventCountry "GRE"]
[SourceTitle "playchess.com"]
[Source "ChessBase"]
[SourceQuality "1"]
[TimeControl "40/5400+30:1800+30"]

1. e4 c5 2. Nf3 Nc6 3. d4 cxd4 4. Nxd4 Nf6 5. Nc3 d6 6. f3 e5 7. Nb3 Be7 8. Be3 O-O 9. Qd2 a5 10. Bb5 Be6 11. O-O-O Nb4 12. Kb1 d5 13. exd5 Nbxd5 14. Nxd5 Nxd5 15. Bc4 Nxe3 16. Qxe3 Qc8 17. Bxe6 Qxe6 18. a3 b6 19. Rhe1 Rad8 20. Rxd8 Rxd8 21. Nc1 Bh4 22. g3 Bf6 23. Nd3 h6 24. Nf2 Qc6 25. Ng4 Qe6 26. Nf2 Qc6 27. Ng4 Qe6 28. Nf2 1/2-1/2

[Event "European Womens-ch 2025"]
[Site "Rhodes"]
[Date "2025.03.31"]
[Round "1.27"]
[White "Mammadova, Gulnar"]
[Black "Khachatryan, Anna"]
[Result "1/2-1/2"]
[Annotator "RC"]
[ECO "B48"]
[WhiteElo "2342"]
[BlackElo "2091"]
[PlyCount "76"]
[EventDate "2025.03.29"]
[EventType "swiss"]
[EventCountry "GRE"]
[SourceTitle "playchess.com"]
[Source "ChessBase"]
[SourceQuality "1"]
[TimeControl "40/5400+30:1800+30"]

1. e4 c5 2. Nf3 e6 3. d4 cxd4 4. Nxd4 Nc6 5. Nc3 Qc7 6. Be3 a6 7. Qf3 Nf6 8. O-O-O Ne5 9. Qg3 b5 10. Bxb5 axb5 11. Ndxb5 Qb8 12. Bf4 d6 13. Nxd6+ Bxd6 14. Rxd6 Nh5 15. Qg5 Qxd6 16. Bxe5 Ra5 17. f4 Nxf4 18. Nd5 Ne2+ 19. Kb1 Rxd5 20. exd5 Qxd5 21. Qxg7 Rf8 22. Qf6 Bb7 23. Re1 Rg8 24. Rf1 Qd7 25. Bd6 Bxg2 26. Rd1 Bd5 27. Bb4 Be4 28. Re1 Bxc2+ 29. Kxc2 Qa4+ 30. Kd2 Qxb4+ 31. Kxe2 Rg2+ 32. Kf1 Qxb2 33. Qf3 Rxh2 34. Rd1 Rd2 35. Qc6+ Ke7 36. Qc7+ Ke8 37. Qc8+ Ke7 38. Qc7+ Ke8 1/2-1/2

[Event "European Womens-ch 2025"]
[Site "Rhodes"]
[Date "2025.03.31"]
[Round "1.28"]
[White "Szente Varga, Fruzsina"]
[Black "Sliwicka, Alicja"]
[Result "1/2-1/2"]
[Annotator "RC"]
[ECO "C45"]
[WhiteElo "2083"]
[BlackElo "2342"]
[PlyCount "213"]
[EventDate "2025.03.29"]
[EventType "swiss"]
[EventCountry "GRE"]
[SourceTitle "playchess.com"]
[Source "ChessBase"]
[SourceQuality "1"]
[TimeControl "40/5400+30:1800+30"]

1. e4 e5 2. Nf3 Nc6 3. d4 exd4 4. Nxd4 Nf6 5. Nxc6 bxc6 6. e5 Qe7 7. Qe2 Nd5 8. h4 a5 9. c4 Ba6 10. Nd2 Nb6 11. b3 O-O-O 12. Bb2 g6 13. O-O-O Bg7 14. f4 Rhe8 15. Nf3 d5 16. Qc2 dxc4 17. Rxd8+ Rxd8 18. Nd2 Bh6 19. g3 Qc5 20. Nxc4 Bxc4 21. Bxc4 Nxc4 22. Qxc4 Qxc4+ 23. bxc4 Rd3 24. Kc2 Rxg3 25. h5 Bxf4 26. hxg6 hxg6 27. Rh7 Rg2+ 28. Kb1 Re2 29. Rxf7 Bxe5 30. Bxe5 Rxe5 31. Kb2 Kb7 32. Rg7 Rg5 33. Kb3 Kb6 34. Ka4 Rg4 35. Kb3 Rg2 36. a3 Rg4 37. Re7 g5 38. Re5 a4+ 39. Kb4 Rg3 40. Kxa4 c5 41. Re6+ c6 42. Re7 Rc3 43. Re4 Rf3 44. Re7 Rf4 45. Kb3 Rg4 46. Rg7 Rg1 47. Kb2 Rg3 48. Kc2 Rg2+ 49. Kb3 Rg4 50. Kc3 Rg2 51. Kb3 Rg1 52. Kb2 g4 53. Kb3 g3 54. Kb2 g2 55. Ka2 Rc1 56. Rxg2 Rxc4 57. Kb3 Rh4 58. Rg7 Rh3+ 59. Ka4 Rh1 60. Kb3 Rb1+ 61. Kc3 Rc1+ 62. Kb2 Rd1 63. Kc2 Rd8 64. Kc3 Rb8 65. Kc4 Rd8 66. Rg4 Rf8 67. Rh4 Rf3 68. Rh1 Rf4+ 69. Kc3 Ra4 70. Rb1+ Kc7 71. Kb3 Re4 72. Kc3 Kd6 73. Rd1+ Ke7 74. Rd2 Ra4 75. Rd1 Ke6 76. Rd8 Ke5 77. Rd7 Rh4 78. Rd8 Ke6 79. Rd1 Ra4 80. Rd2 Ke5 81. Rd8 Rg4 82. Rd7 Rd4 83. Rh7 Kd6 84. Rh5 Rd5 85. Rh6+ Kc7 86. Rh1 Rd4 87. Rg1 Ra4 88. Kb3 Rh4 89. Kc3 Rh3+ 90. Kc4 Rxa3 91. Kxc5 Rc3+ 92. Kb4 Rc2 93. Rg8 Rc1 94. Rh8 Rg1 95. Kc5 Rg5+ 96. Kc4 Rd5 97. Rf8 Rd1 98. Kc5 Kd7 99. Rf6 Rd2 100. Rh6 Rc2+ 101. Kb4 Kc7 102. Rh8 Rc1 103. Rg8 c5+ 104. Kb5 c4 105. Kb4 c3 106. Kb3 Kd6 107. Rg5 1/2-1/2

[Event "European Womens-ch 2025"]
[Site "Rhodes"]
[Date "2025.03.31"]
[Round "1.29"]
[White "Savina, Anastasia"]
[Black "Sivanandan, Bodhana"]
[Result "1-0"]
[Annotator "RC"]
[ECO "D46"]
[WhiteElo "2331"]
[BlackElo "2073"]
[PlyCount "141"]
[EventDate "2025.03.29"]
[EventType "swiss"]
[EventCountry "GRE"]
[SourceTitle "playchess.com"]
[Source "ChessBase"]
[SourceQuality "1"]
[TimeControl "40/5400+30:1800+30"]

1. d4 d5 2. c4 c6 3. Nf3 Nf6 4. Nc3 e6 5. e3 Nbd7 6. Qc2 Bd6 7. Bd3 O-O 8. O-O dxc4 9. Bxc4 b5 10. Bd3 Bb7 11. e4 e5 12. Bg5 h6 13. Bh4 Re8 14. Rad1 Qe7 15. Kh1 Rad8 16. dxe5 Bxe5 17. Nxe5 Nxe5 18. f4 Nxd3 19. Rxd3 Rxd3 20. Qxd3 b4 21. Bxf6 gxf6 22. Na4 Qxe4 23. Qxe4 Rxe4 24. Nc5 Re7 25. f5 Bc8 26. g4 Re5 27. Rc1 Rd5 28. Kg2 Kg7 29. Rc2 h5 30. h3 hxg4 31. hxg4 a5 32. Kf3 Bd7 33. Ke4 Bc8 34. a3 bxa3 35. bxa3 Kf8 36. Kf4 Rd4+ 37. Kf3 Rd5 38. Kf4 Rd4+ 39. Kf3 Rd5 40. Rc3 Bd7 41. Nxd7+ Rxd7 42. Rxc6 Kg7 43. Ke4 Rd1 44. Rc5 Kh6 45. Rxa5 Kg5 46. a4 Kxg4 47. Rc5 Ra1 48. a5 Ra4+ 49. Kd3 Kf3 50. Kc3 Ke3 51. Kb3 Ra1 52. Kc4 Ke4 53. Kb5 Kd4 54. Kb6 Rb1+ 55. Rb5 Rc1 56. a6 Rc8 57. a7 Re8 58. Ra5 Ke4 59. Rc5 Kd4 60. Rb5 Kc4 61. Ra5 Kd4 62. a8=Q Rxa8 63. Rxa8 Ke4 64. Ra5 Kf4 65. Kc6 Kg5 66. Kd6 Kh6 67. Ke7 Kg7 68. Ra1 Kh7 69. Kxf6 Kh8 70. Kxf7 Kh7 71. Rh1# 1-0

[Event "European Womens-ch 2025"]
[Site "Rhodes"]
[Date "2025.03.31"]
[Round "1.30"]
[White "Grapsa, Georgia"]
[Black "Brunello, Marina"]
[Result "0-1"]
[Annotator "RC"]
[ECO "E17"]
[WhiteElo "2065"]
[BlackElo "2330"]
[PlyCount "68"]
[EventDate "2025.03.29"]
[EventType "swiss"]
[EventCountry "GRE"]
[SourceTitle "playchess.com"]
[Source "ChessBase"]
[SourceQuality "1"]
[TimeControl "40/5400+30:1800+30"]

1. d4 Nf6 2. c4 e6 3. Nf3 b6 4. g3 Bb7 5. Bg2 Be7 6. Nc3 O-O 7. d5 Bb4 8. Bd2 Bxc3 9. Bxc3 exd5 10. Nh4 Ne4 11. cxd5 Nxc3 12. bxc3 d6 13. O-O Nd7 14. e4 g6 15. Re1 Re8 16. f4 Qf6 17. Nf3 Re7 18. Bh3 Nc5 19. e5 Qg7 20. Qd2 Rae8 21. c4 Qh6 22. Qg2 b5 23. exd6 cxd6 24. Rxe7 Rxe7 25. Nd4 bxc4 26. Nc6 Re8 27. Bg4 Qg7 28. Rb1 c3 29. Qc2 Ba6 30. Rc1 h5 31. Bf3 Nd3 32. Be2 Rxe2 33. Qxe2 Nxc1 34. Qxa6 c2 0-1

[Event "European Womens-ch 2025"]
[Site "Rhodes"]
[Date "2025.03.31"]
[Round "1.31"]
[White "Toncheva, Nadya"]
[Black "Rida, Ruqayyah"]
[Result "1-0"]
[Annotator "RC"]
[ECO "E71"]
[WhiteElo "2329"]
[BlackElo "2065"]
[PlyCount "147"]
[EventDate "2025.03.29"]
[EventType "swiss"]
[EventCountry "GRE"]
[SourceTitle "playchess.com"]
[Source "ChessBase"]
[SourceQuality "1"]
[TimeControl "40/5400+30:1800+30"]

1. d4 Nf6 2. c4 g6 3. Nc3 Bg7 4. e4 d6 5. h3 O-O 6. Be3 e5 7. d5 Nbd7 8. g4 Nc5 9. f3 a5 10. Qd2 Ne8 11. h4 f5 12. g5 f4 13. Bf2 h6 14. gxh6 Bxh6 15. Nh3 Ng7 16. Rg1 Bxh3 17. Bxh3 Kh7 18. O-O-O Nh5 19. Bxc5 dxc5 20. d6 Qxh4 21. Qg2 Ng3 22. dxc7 g5 23. c8=Q Raxc8 24. Bxc8 Rxc8 25. Rd7+ Kh8 26. Qd2 Rg8 27. Rg2 Qh1+ 28. Nd1 Qf1 29. Rh2 Qxc4+ 30. Kb1 Rg6 31. Re7 Qd4 32. Qxd4 exd4 33. Nf2 Nf1 34. Rh3 Ne3 35. Nd3 Kg8 36. Ne5 Rf6 37. Nd7 Rg6 38. Nxc5 g4 39. fxg4 Rxg4 40. b4 Bf8 41. Rd7 Rg1+ 42. Kb2 Nc4+ 43. Kc2 Rg2+ 44. Kd1 b6 45. Nd3 Ne3+ 46. Ke1 Rxa2 47. bxa5 bxa5 48. e5 Ra3 49. Ke2 Ng4 50. e6 Ne5 51. Rd8 Nc6 52. Rc8 Ne7 53. Ra8 Nd5 54. Rh5 f3+ 55. Kf2 Ne7 56. Ne5 Kg7 57. Nd7 Kg6 58. Rhxa5 Rxa5 59. Rxa5 Bh6 60. Kxf3 Bd2 61. Rb5 Bc3 62. Ke4 Nc8 63. Rb1 Nd6+ 64. Kd5 Ne8 65. Rg1+ Kf5 66. Rf1+ Kg6 67. Ne5+ Kg7 68. Rf7+ Kg8 69. e7 Nc7+ 70. Ke4 d3 71. Rf8+ Kg7 72. e8=Q Nxe8 73. Rxe8 d2 74. Rd8 1-0

[Event "European Womens-ch 2025"]
[Site "Rhodes"]
[Date "2025.03.31"]
[Round "1.32"]
[White "Huseynova, Lala"]
[Black "Zawadzka, Jolanta"]
[Result "0-1"]
[Annotator "RC"]
[ECO "B15"]
[WhiteElo "2065"]
[BlackElo "2326"]
[PlyCount "72"]
[EventDate "2025.03.29"]
[EventType "swiss"]
[EventCountry "GRE"]
[SourceTitle "playchess.com"]
[Source "ChessBase"]
[SourceQuality "1"]
[TimeControl "40/5400+30:1800+30"]

1. e4 c6 2. d4 d5 3. Nc3 dxe4 4. Nxe4 Nf6 5. Nxf6+ exf6 6. Be3 Bd6 7. Bd3 Na6 8. a3 Nc7 9. c4 O-O 10. Ne2 Re8 11. O-O Bd7 12. Ng3 g6 13. Qd2 Ne6 14. Ne4 Bf8 15. d5 cxd5 16. cxd5 Ng7 17. Bd4 Nh5 18. Ng3 Nxg3 19. fxg3 f5 20. Qf2 Bd6 21. g4 f4 22. h3 Qg5 23. Qf3 Re7 24. Rae1 b6 25. Bc4 Rc8 26. Ba6 Rce8 27. Rxe7 Qxe7 28. Qc3 Qe4 29. Bb7 Bb5 30. Rc1 f3 31. Bh8 Bc5+ 32. Kh2 Qf4+ 33. g3 Re2+ 34. Kh1 Qxc1+ 35. Qxc1 f2 36. Bc3 Rc2 0-1

[Event "European Womens-ch 2025"]
[Site "Rhodes"]
[Date "2025.03.31"]
[Round "1.33"]
[White "Antolak, Julia"]
[Black "Acarbay, Algi"]
[Result "1-0"]
[Annotator "RC"]
[ECO "B11"]
[WhiteElo "2314"]
[BlackElo "2052"]
[PlyCount "79"]
[EventDate "2025.03.29"]
[EventType "swiss"]
[EventCountry "GRE"]
[SourceTitle "playchess.com"]
[Source "ChessBase"]
[SourceQuality "1"]
[TimeControl "40/5400+30:1800+30"]

1. e4 c6 2. Nc3 d5 3. Qf3 d4 4. Bc4 Nf6 5. e5 dxc3 6. exf6 exf6 7. dxc3 Nd7 8. Bf4 Qe7+ 9. Be2 Qe6 10. Qg3 Nc5 11. Be3 Ne4 12. Qh4 Bc5 13. Bxc5 Nxc5 14. Qd4 Qe7 15. O-O-O O-O 16. Nf3 Bf5 17. Rhe1 Rad8 18. Qf4 Qe4 19. Qxe4 Bxe4 20. g3 Rfe8 21. Nd4 Kf8 22. Rd2 g5 23. Red1 Ke7 24. Bg4 Ne6 25. Re1 Bd5 26. c4 Bxc4 27. Nf5+ Kf8 28. Nd6 Bd5 29. Nxe8 Rxe8 30. b3 b5 31. Re3 Nc5 32. Rxe8+ Kxe8 33. Bf5 h6 34. Re2+ Kd8 35. c4 bxc4 36. bxc4 Be6 37. Bxe6 fxe6 38. Re3 e5 39. Ra3 e4 40. Rxa7 1-0

[Event "European Womens-ch 2025"]
[Site "Rhodes"]
[Date "2025.03.31"]
[Round "1.34"]
[White "Bochnickova, Andrea"]
[Black "Zhukova, Natalia"]
[Result "1-0"]
[Annotator "RC"]
[ECO "D52"]
[WhiteElo "2051"]
[BlackElo "2306"]
[PlyCount "141"]
[EventDate "2025.03.29"]
[EventType "swiss"]
[EventCountry "GRE"]
[SourceTitle "playchess.com"]
[Source "ChessBase"]
[SourceQuality "1"]
[TimeControl "40/5400+30:1800+30"]

1. d4 d5 2. c4 e6 3. Nc3 c6 4. Nf3 Nf6 5. Bg5 Nbd7 6. e3 Qa5 7. Qb3 Ne4 8. h4 h6 9. Bf4 Ndf6 10. Bd3 dxc4 11. Qxc4 Nxc3 12. bxc3 Nd5 13. Rc1 Nxf4 14. exf4 Bd6 15. Ne5 Qd5 16. O-O Qxc4 17. Bxc4 O-O 18. g3 Rd8 19. Rb1 Rb8 20. Rfd1 Bd7 21. Be2 Be8 22. h5 Kf8 23. Bf3 Bc7 24. c4 f6 25. Ng6+ Bxg6 26. hxg6 Bb6 27. c5 Bc7 28. Rb3 b6 29. Rbd3 bxc5 30. dxc5 Rxd3 31. Rxd3 Rd8 32. Ra3 a5 33. Bxc6 Rd1+ 34. Kg2 Rc1 35. Bd7 Ke7 36. c6 Bb6 37. Rb3 Bd4 38. Rb7 f5 39. Bc8+ Kf6 40. Bd7 Ke7 41. Rb8 Rc2 42. Re8+ Kd6 43. Rxe6+ Kc7 44. Re7 Kd6 45. Rf7 Rxf2+ 46. Kh3 Rc2 47. Be8 Ba1 48. Rd7+ Kc5 49. Ra7 Kb6 50. Rb7+ Ka6 51. a4 Bd4 52. Rf7 Rc5 53. Rd7 Bc3 54. Rb7 Bd4 55. Bd7 Bf6 56. Rb3 Ba1 57. Kg2 Bf6 58. Kf2 Rc1 59. Ke3 Rc5 60. Kd3 Ka7 61. Rb5 Rxb5 62. axb5 Kb6 63. Bxf5 a4 64. Be6 a3 65. Bb3 Bd8 66. Kc4 Bc7 67. Kd5 Kxb5 68. Ke6 h5 69. Kf7 Kxc6 70. Kxg7 Kc5 71. Kf7 1-0

[Event "European Womens-ch 2025"]
[Site "Rhodes"]
[Date "2025.03.31"]
[Round "1.35"]
[White "Unuk, Laura"]
[Black "Shuqja, Klean"]
[Result "1-0"]
[Annotator "RC"]
[ECO "E12"]
[WhiteElo "2301"]
[BlackElo "2049"]
[PlyCount "127"]
[EventDate "2025.03.29"]
[EventType "swiss"]
[EventCountry "GRE"]
[SourceTitle "playchess.com"]
[Source "ChessBase"]
[SourceQuality "1"]
[TimeControl "40/5400+30:1800+30"]

1. d4 Nf6 2. Nf3 e6 3. g3 b6 4. Bg2 Bb7 5. O-O Be7 6. c4 O-O 7. a3 d5 8. cxd5 exd5 9. Bf4 Nbd7 10. Nc3 c6 11. Qc2 Nh5 12. Rad1 Re8 13. Bc1 Nhf6 14. Rfe1 Qc7 15. Nh4 Rac8 16. Nf5 Nf8 17. e4 Nxe4 18. Nxe4 dxe4 19. Qxe4 Bf6 20. Qg4 Rxe1+ 21. Rxe1 Ng6 22. h4 Rd8 23. h5 Bc8 24. Bg5 Bxg5 25. Qxg5 Bxf5 26. Qxf5 Nf8 27. h6 gxh6 28. Rc1 Rd6 29. d5 c5 30. Re1 Qd7 31. Qf4 Kg7 32. Qe5+ f6 33. Qe7+ Qxe7 34. Rxe7+ Kg6 35. Rxa7 Nd7 36. a4 Ne5 37. b3 f5 38. Re7 Nd3 39. f4 Nb4 40. Re5 Nd3 41. Re3 Nb4 42. Re2 Kf6 43. Rd2 Ke7 44. Kf2 Kf6 45. Bf3 Na6 46. Be2 Nc7 47. Bc4 Kf7 48. Re2 Kf6 49. Re5 Rd7 50. Kg2 Rd6 51. Kh3 Rd7 52. Kh4 Kg6 53. Bd3 Rxd5 54. Bxf5+ Kg7 55. Rxd5 Nxd5 56. Bd3 Nf6 57. g4 Nd5 58. Kg3 Nf6 59. Kf3 h5 60. g5 Nd5 61. f5 h6 62. Bc4 Nc3 63. f6+ Kg6 64. f7 1-0